 Dungeon Crawl Stone Soup version 0.29-a0-356-g7bc237e783 (webtiles) character file.

Game seed: 7136038825986882336

48 quokkamancerX the Shooter (level 3, 0/30 HPs)
             Began as a Minotaur Hunter on Apr 26, 2022.
             Slain by a goblin
             ... wielding a +0 dagger
              (2 damage)
             ... on level 2 of the Dungeon.
             The game lasted 00:04:28 (1504 turns).

quokkamancerX the Shooter (Minotaur Hunter)         Turns: 1504, Time: 00:04:29

Health: 0/30       AC:  3    Str: 15    XL:     3   Next: 50%
Magic:  2/2        EV: 12    Int:  6    God:
Gold:   31         SH:  0    Dex: 15    Spells: 2/2 levels left

rFire   . . .      SeeInvis .   a - +1 shortbow
rCold   + . .      Faith    +   (shield currently unavailable)
rNeg    . . .      Spirit   .   b - +0 leather armour
rPois   .          Reflect  .   (helmet restricted)
rElec   .          Harm     .   (no cloak)
rCorr   +          Rampage  .   (no gloves)
Will    .....                   (no boots)
Stlth   +.........              g - amulet of faith
HPRegen 0.10/turn               f - ring of protection from cold
MPRegen 0.08/turn               k - ring of resist corrosion

@: confused
A: horns 2, retaliatory headbutt
a: no special abilities


You were on level 2 of the Dungeon.
You visited 1 branch of the dungeon, and saw 2 of its levels.

You collected 31 gold pieces.

Inventory:

Hand Weapons
 a - a +1 shortbow (weapon)
Armour
 b - a +0 leather armour (worn)
Jewellery
 f - a ring of protection from cold (left hand)
 g - an amulet of faith (around neck)
 k - a ring of resist corrosion (right hand)
 t - an amulet of reflection
Scrolls
 c - 2 scrolls of immolation
 d - 2 scrolls of blinking {unknown}
 e - a scroll of brand weapon {unknown}
 h - 3 scrolls of enchant armour {unknown}
 l - 2 scrolls of identify {unknown}
 m - 2 scrolls of teleportation {unknown}
 n - a scroll of fear {unknown}
 o - a scroll of summoning {unknown}
 p - a scroll of magic mapping {unknown}
 r - a scroll of acquirement {unknown}
Potions
 i - a potion of attraction {unknown}
 j - a potion of lignification {unknown}
 q - a potion of curing {unknown}
 s - 2 potions of magic {unknown}


   Skills:
 - Level 2.4 Fighting
 + Level 5.8 Bows
 - Level 2.1 Dodging
 - Level 0.7 Stealth


You had 2 spell levels left.
You didn't know any spells.
Your spell library contained the following spells:

 Spells                   Type           Power      Damage    Failure   Level
 Dazzling Flash           Conj/Hex       0%         N/A       88%         3
 Iskenderun's Mystic Bla  Conj/Tloc      0%         2d3       99%         4
 Starburst                Conj/Fire      0%         6d3       100%        6


Dungeon Overview and Level Annotations

Branches:
Dungeon (2/15)

Altars:

Annotations:
D:2 Ijyb


Innate Abilities, Weirdness & Mutations

You have a pair of horns on your head.
You reflexively headbutt those who attack you in melee.


Message History

You shoot an arrow.
You feel less confused.
Ijyb zaps a wand.
Your will is overpowered!
You are confused.
The goblin barely misses you.
You shoot an arrow. Ijyb hits you but does no damage.
The goblin hits you with a +0 club. The goblin closely misses you.
Ijyb zaps a wand.
Your will is overpowered!
You are more confused.
You shoot an arrow. Ijyb barely misses you. The goblin hits you with a +0 club.
You shoot an arrow. The arrow hits the goblin.
The goblin is moderately wounded.
Ijyb zaps a wand.
You resist with significant effort. The goblin hits you with a +0 club.
You shoot an arrow. Ijyb hits you with a +0 dagger.
The goblin hits you with a +0 club.
You shoot an arrow. Ijyb hits you with a +0 dagger.
The goblin closely misses you. The goblin misses you.
Ijyb hits you with a +0 dagger.
* * * LOW HITPOINT WARNING * * *
You shoot an arrow. The arrow barely misses the goblin.
The arrow misses the bat.
Ijyb closely misses you. The goblin closely misses you.
You shoot an arrow. Ijyb hits you with a +0 dagger.
* * * LOW HITPOINT WARNING * * *
The goblin hits you with a +0 club.
* * * LOW HITPOINT WARNING * * *
You shoot an arrow. Ijyb closely misses you.
The goblin hits you with a +0 club.
* * * LOW HITPOINT WARNING * * *
The goblin attacks as you move away! The goblin hits you but does no damage.
Ijyb zaps a wand.
Your will is overpowered!
You are more confused.
You're too confused to move!
You shoot an arrow. The arrow hits Ijyb but does no damage.
Ijyb is moderately wounded.
Unknown command.
You bump into the rock wall.
Ijyb hits you but does no damage. The goblin hits you with a +0 dagger.
You die...

)......<.........#
...###..b
#####...........## ....[...
###..........# #.......
#............#####....#.# .
#..##.....#............#.#
... #..#
########...........#.##..(.
....
####.#...##....#....... ...
#.....g#.#.....)....... ..
#.....@#.......#....... ..
#.=...ggg......##8...(.
#......###.....# ......
#......# #....### .....
#......# ###....# .....
######## #....# g..g #....#
g.g. #....# #....#


You could see Ijyb and 3 goblins.

Vanquished Creatures
  3 dart slugs (D:1)
  4 ball pythons
  3 endoplasms (D:1)
  A giant cockroach (D:1)
  4 goblins
  5 hobgoblins (D:1)
  5 jackals (D:1)
  5 kobolds (D:1)
  A bat (D:1)
  2 frilled lizards
  4 rats (D:1)
37 creatures vanquished.

Notes
Turn   | Place    | Note
-------+----------+-------------------------------------------
     0 | D:1      | quokkamancerX the Minotaur Hunter began the quest for the
                  | Orb.
     0 | D:1      | Reached XP level 1. HP: 18/18 MP: 0/0
   207 | D:1      | Reached XP level 2. HP: 25/25 MP: 1/1
   269 | D:1      | Reached skill level 5 in Bows
   621 | D:1      | Found a faded altar of an unknown god.
   627 | D:1      | Reached XP level 3. HP: 30/30 MP: 2/2
  1475 | D:2      | Noticed Ijyb
  1500 | D:2      | HP: 1/30 [goblin/+0 club (3)]
  1504 | D:2      | Slain by a goblin

Illustrated notes

Levels and vault maps discovered:
D:1:      dpeg_cavernosity, layout_loops_ring, ebering_ecumenical_altar_box,
          kennysheep_decorative_pillar, hex_tiny, wad_floor_pattern_1,
          roderic_lattice_a, hangedman_decor_clover_reticule, minmay_ruptured
D:2:      kennysheep_the_goblin_king, layout_rooms

Skill      XL: |  1  2 |
---------------+-------+-----
Bows           | 5 |  5.8
Fighting       | |  2.4
Dodging        | |  2.1
Stealth        | |  0.7

Action                   || total
-------------------------++-------
 Fire: Shortbow          ||    96
Armor: Leather armour    ||    17
Dodge: Dodged            ||    40

Table legend: (Time is in decaauts)
 A = Elapsed time spent in this place.
 B = Non-inter-level travel time spent in this place.
 C = Inter-level travel time spent in this place.
 D = Time resting spent in this place.
 E = Time spent auto-exploring this place.
 F = Levels seen in this place.
 G = Mean time per level.
                   A        B        C        D        E       F      G
               +--------+--------+--------+--------+--------+-----+--------+
         Total |   1529 |   1466 |     63 |     31 |   1162 |   2 |  764.5 |
       Dungeon |   1529 |   1466 |     63 |     31 |   1162 |   2 |  764.5 |
               +--------+--------+--------+--------+--------+-----+--------+

Top non-repeatable levels by time:
     D:1: 1347 daAuts
     D:2: 182 daAuts
